 Dungeon Crawl Stone Soup version 0.18-b1-22-ge198996 (webtiles) character file.

343723 Northaan the Executioner (level 22, -1/226 HPs)
             Began as a Hill Orc Fighter on May 3, 2016.
             Was the Champion of Qazlal.
             Slain by a vault warden
             ... wielding a +0 bardiche
              (50 damage)
             ... on level 3 of the Vaults on May 4, 2016.
             The game lasted 01:53:27 (49799 turns).

Northaan the Executioner (Hill Orc Fighter)        Turns: 49799, Time: 01:53:27

Health: -1/226     AC: 26    Str: 26    XL:     22   Next: 6%
Magic:  34/34      EV: 17    Int:  8    God:    Qazlal [******]
Gold:   1079       SH: 25    Dex: 19    Spells: 0 memorised, 21 levels left

rFire  + + .     SeeInvis .     H - +8 hand axe "Posute" {elec, rF+}
rCold  + + +     Gourm    .     s - +4 chain mail of the Apprentice {rPois rC+ Dex+2}
rNeg   . . .     Faith    .     V - +2 shield
rPois  +         Spirit   .     D - +0 helmet of Rationality {rC++ Dex+2}
rElec  .         Dismiss  .     w - +0 cloak
rCorr  .         Reflect  .     z - -2 pair of gloves of the Scribe {Str+2 Slay+3}
SustAt .         Harm     .     W - +2 pair of boots
MR     ++...                    P - amulet of regeneration
Stlth  ..........               F - ring of protection from fire
                                l - ring of protection from magic

@: protected from physical damage, repel missiles, very resistant to hostile
enchantments, extremely unstealthy
A: robust 1
a: Upheaval, Elemental Force, Disaster Area, Renounce Religion
}: 2/15 runes: barnacled, gossamer


You were on level 3 of the Vaults.
You worshipped Qazlal.
Qazlal was exalted by your worship.
You were not hungry.

You visited 7 branches of the dungeon, and saw 38 of its levels.
You also visited: Ice Cave.

You collected 3409 gold pieces.
You spent 2330 gold pieces at shops.

Inventory:

Hand Weapons
 H - the +8 hand axe "Posute" (weapon) {elec, rF+}
   (You found it on level 5 of the Lair of Beasts)

   Occasionally, upon striking a foe, it will discharge some electrical energy
   and cause terrible harm.
   It protects you from fire.
Missiles
 J - 82 javelins (quivered)
 X - 15 javelins of returning
Armour
 b - the +1 chain mail "Vapiuk" {rElec Str+9 Dex-5}
   (You found it on level 4 of the Shoals)

   It affects your strength (+9).
   It affects your dexterity (-5).
   It insulates you from electricity.
 c - a +0 shield
 s - the +4 chain mail of the Apprentice (worn) {rPois rC+ Dex+2}
   (You bought it in a shop on level 1 of the Shoals)

   It affects your dexterity (+2).
   It protects you from cold.
   It protects you from poison.
 w - a +0 cloak (worn)
 z - the -2 pair of gloves of the Scribe (worn) {Str+2 Slay+3}
   (You found it on level 8 of the Lair of Beasts)

   It affects your strength (+2).
   It affects your accuracy and damage with ranged weapons and melee attacks
   (+3).
 D - the +0 helmet of Rationality (worn) {rC++ Dex+2}
   (You bought it in a shop on level 12 of the Dungeon)

   It affects your dexterity (+2).
   It greatly protects you from cold.
 N - the +0 pair of gloves of Gionaecois {rCorr Int+3}
   (You found it on level 4 of the Shoals)

   It affects your intelligence (+3).
   It protects you from acid and corrosion.
 R - the +6 chain mail of Good Intentions {+Inv rC+ rN+ Dex-2}
   (You bought it in a shop on level 12 of the Dungeon)

   It affects your dexterity (-2).
   It protects you from cold.
   It protects you from negative energy.
   It lets you turn invisible.
 V - a +2 shield (worn)
 W - a +2 pair of boots (worn)
Jewellery
 j - an uncursed ring of see invisible
 l - a ring of protection from magic (left hand)
 m - an uncursed ring of resist corrosion
 F - a ring of protection from fire (right hand)
 P - an amulet of regeneration (around neck)
Wands
 t - a wand of iceblast (4/15)
 L - a wand of hasting (7/9)
 Z - a wand of heal wounds (6/9)
Scrolls
 e - 6 scrolls of magic mapping
 h - 6 scrolls of fog
 i - 2 scrolls of identify
 k - 7 scrolls of teleportation
 n - 6 scrolls of fear
 u - 9 scrolls of remove curse
 x - a scroll of holy word
 y - 6 scrolls of enchant armour
 C - 4 scrolls of recharging
 G - 8 scrolls of amnesia
 S - 4 scrolls of enchant weapon
Potions
 d - 2 potions of cure mutation
 g - 3 potions of invisibility
 p - 7 potions of brilliance
 q - 3 potions of agility
 r - 4 potions of flight
 v - 3 potions of might
 E - 2 potions of heal wounds
 I - 4 potions of berserk rage
 M - a potion of cancellation
 O - 2 potions of magic
 T - 10 potions of curing
 U - a potion of resistance
Books
 K - a book of the Warp

   Spells                             Type                      Level
   a - Recall                         Summoning/Translocation      3
   b - Gell's Gravitas                Hexes/Translocation          3
   c - Force Lance                    Conjuration/Translocation    4
   d - Warp Weapon                    Charms/Translocation         5
   e - Summon Forest                  Summoning/Translocation      5
 Q - a book of Beasts

   Spells                             Type                      Level
   a - Summon Butterflies             Summoning                    1
   b - Call Canine Familiar           Summoning                    3
   c - Summon Ice Beast               Ice/Summoning                4
   d - Summon Mana Viper              Hexes/Summoning              5
   e - Summon Hydra                   Summoning                    7
Comestibles
 a - 7 fruits
 f - 18 bread rations
 o - 9 royal jellies
 A - 12 beef jerkies
 B - 19 meat rations
 Y - 2 chunks of flesh


   Skills:
 * Level 19.2 Fighting
 + Level 21.8 Axes
 + Level 10.1 Throwing
 + Level 14.2 Armour
 + Level 11.5 Dodging
 + Level 14.9 Shields
 + Level 17.0 Invocations
 + Level 11.5 Evocations


You had 21 spell levels left.
You didn't know any spells.

Dungeon Overview and Level Annotations

Branches:
Dungeon (15/15)            Temple (0/1) D:6            Lair (8/8) D:11
 Shoals (4/4) Lair:4       Spider (4/4) Lair:6        Slime (0/6) Lair:7
    Orc (2/2) D:12            Elf (2/3) Orc:2        Vaults (3/5) D:14
  Crypt (0/3) Vaults:3     Depths (0/5) D:15

Altars:
Ashenzari
Dithmenos
Fedhas
Kikubaaqudgha
Makhleb
Nemelex Xobeh
Okawaru
Qazlal
Ru
Trog
Vehumet
Xom
Yredelemnul
Zin
The Shining One
Beogh
Jiyva

Shops:
D:4 *   D:12 =[*   D:14 *!   Orc:2 (:=[(   Elf:1 *   Shoals:1 [[[:
Vaults:1 }}*

Annotations:
Spider:1 exclusion: orange crystal statue


Innate Abilities, Weirdness & Mutations

You are robust (+10% HP).


Message History

You hit the vault sentinel but do no damage.
The vault sentinel is heavily wounded.
The runic seals fade away.
You slash the vault sentinel!
The vault sentinel is severely wounded.
The vault sentinel casts a spell at you.
You struggle to resist.
You slash the vault sentinel!
There is a sudden explosion of sparks!
You kill the vault sentinel!
Qazlal accepts your kill.
The vault warden is engulfed in freezing vapours.
The vault warden activates a sealing rune.
The vault warden is engulfed in roaring flames.
The vault warden activates a sealing rune.
A door slams shut!
You are pushed out of the doorway!
Items here: ) [ †† a falchion; a scale mail; a human corpse; an ugly thing corpse The vault warden is engulfed in roaring flames.
The vault warden hits you with a bardiche!!!
You die...

...#.......+.....................
...#...^^^.#.....................
...#.......+.....................
..#####'####.....§...............
..#.......#....§.................
..#§......#....§§.†§.............
..'.......#....##+###############
..#..§.>..#....#)p.#
..#.§.....#....#@..#
..#.......#....#..## #####
..#########....#+## #....
.........:.....#. #....
...............#. #....
....#########..#. #....
...§#.......#..# #....
....#..##...#..# #....
....#...§§#.#..# #....


You could see a vault warden.

Vanquished Creatures
  Mennas (Vaults:1)
  Arachne (Spider:2)
  Rupert (Lair:6)
  Polyphemus (Shoals:2)
  A sphinx (Vaults:3)
  A kraken (Shoals:2)
  Ilsuiw (Shoals:4)
  A revenant (Vaults:3)
  6 ghost moths
  5 vault wardens
  3 deep elf sorcerers
  A frost giant (Vaults:1)
  2 orc warlords (Orc:1)
  6 emperor scorpions
  Louise (D:15)
  Aizul (Spider:1)
  12 ironheart preservers
  A ghoul (Vaults:3)
  The ghost of execc the Carver, a journeyman FoFi of Ru (Lair:7)
  2 stone giants
  Nessos (D:15)
  6 dire elephants (Lair:8)
  2 deep elf annihilators
  4 spark wasps
  A deep elf death mage (Vaults:1)
  5 merfolk javelineers
  11 merfolk impalers
  10 vault guards
  5 yaktaur captains
  The ghost of ThereIsNoGod the Cleaver, a journeyman MiFi of Cheibriados (D:11)
  3 fire dragons (Vaults:1)
  3 entropy weavers
  5 ogre magi
  A great orb of eyes (Vaults:1)
  An ice dragon (Vaults:3)
  4 merfolk avatars
  A rakshasa (D:15)
  8 centaur warriors
  7 hydras
  3 catoblepae
  An anaconda (Lair:8)
  6 merfolk aquamancers
  21 dancing weapons
  3 death knights
  The ghost of Lovchig the Blocker, a novice MiFi of Nemelex Xobeh (D:9)
  3 alligator snapping turtles (Shoals:4)
  2 deep troll shamans
  A tengu warrior (D:15)
  A vampire mage (Vaults:3)
  A queen ant (Spider:2)
  8 death yaks
  A deep troll earth mage (Vaults:2)
  Urug (Orc:1)
  9 orc high priests
  15 deep elf knights
  Sonja (D:12)
  A shadow wraith (Vaults:3)
  A fire crab (Vaults:1)
  8 sea snakes
  6 skeletal warriors
  5 unseen horrors
  A sea snake (shapeshifter) (Vaults:1)
  13 deep trolls
  A giant orange brain (Vaults:2)
  A wizard (D:14)
  A flayed ghost (Vaults:1)
  A phantasmal warrior (D:14)
  4 orc knights
  6 ironbrand convokers
  Pikel (D:7)
  6 harpies
  5 deep elf archers
  9 hill giants
  3 necromancers
  2 wolf spider zombies
  14 orb spiders
  12 griffons
  4 orc sorcerers
  41 wolf spiders
  12 hornets
  32 ugly things
  10 fauns
  The ghost of Wooh the Fighter, a novice GrGl of Dithmenos (D:6)
  7 cyclopes
  24 slime creatures
  49 deep elf magi
  A moth of wrath (Spider:4)
  7 vault sentinels
  13 elephants
  9 manticores
  3 ice statues (IceCv)
  5 black mambas
  5 water nymphs
  14 sirens
  An octopode (shapeshifter) (Vaults:2)
  3 torpor snails
  2 gargoyles
  Psyche (D:9)
  14 spiny frogs
  10 komodo dragons
  16 yaktaurs
  9 rime drakes
  10 demonic crawlers
  4 freezing wraiths
  A tengu conjurer (D:13)
  2 queen bees (Spider:3)
  30 jumping spiders
  A polar bear (Lair:4)
  11 two-headed ogres
  38 merfolk
  7 trolls
  A two-headed ogre (shapeshifter) (Vaults:2)
  A sphinx simulacrum (Vaults:2)
  3 boulder beetles
  21 blink frogs
  5 wind drakes
  11 snapping turtles
  A stone giant simulacrum (Vaults:2)
  A shadow (D:10)
  A centaur simulacrum (D:14)
  66 redbacks
  24 tarantellas
  A spriggan (shapeshifter) (Vaults:1)
  14 water elementals
  A tarantella (shapeshifter) (Vaults:1)
  11 wraiths
  74 yaks
  11 wyverns
  3 basilisks
  20 hippogriffs
  4 hungry ghosts
  4 fire elementals
  A redback simulacrum (Vaults:1)
  2 yaktaur simulacra (Vaults:2)
  A hippogriff (shapeshifter) (Vaults:1)
  3 mottled dragons
  26 vampire mosquitoes
  A swamp worm (shapeshifter) (Vaults:1)
  8 wargs
  7 soldier ants (Spider:2)
  18 water moccasins
  22 porcupines
  A hell hound (Lair:8)
  A black bear (D:13)
  An eye of draining (D:14)
  48 orc warriors
  8 ice beasts
  2 sky beasts
  3 wasps
  42 ogres
  2 necrophages
  2 phantoms
  3 boggarts (D:15)
  14 crocodiles
  21 centaurs
  46 wolves
  3 big kobolds
  An elf zombie (D:9)
  2 earth elementals
  20 giant frogs
  5 scorpions
  A wyvern skeleton (D:15)
  35 killer bees
  A troll zombie (D:9)
  5 wights
  3 electric eels
  9 crimson imps
  4 howler monkeys (D:11)
  2 centaur zombies
  3 jellies
  3 giant frog zombies
  6 hounds
  6 human zombies (D:9)
  50 orc priests
  11 iguanas
  25 orc wizards
  3 centaur skeletons
  4 giant frog skeletons
  23 worker ants
  19 sheep
  A hound skeleton (D:6)
  A mummy (D:9)
  A worker ant zombie (D:6)
  7 gnolls
  21 adders
  42 river rats
  2 shadow imps
  An ooze (D:4)
  An adder skeleton (D:4)
  A dart slug (D:1)
  4 giant geckos
  171 orcs
  5 giant cockroaches
  6 goblins
  8 hobgoblins
  14 jackals
  20 kobolds
  4 quokkas
  9 bats
  A giant gecko skeleton (D:4)
  3 giant newts
  A quokka zombie (D:5)
  6 rats
  A bush (Lair:2)
  2 butterflies
  A crawling corpse (Vaults:1)
  70 fungi
  46 plants
  2 tentacles (Shoals:2)
1961 creatures vanquished.

Vanquished Creatures (others)
  A ghost moth (Spider:2)
  A small abomination (Vaults:1)
  Josephine (D:14)
  2 ogre magi
  A deep elf knight (Elf:2)
  A sea snake (Shoals:4)
  A deep elf mage (Vaults:1)
  A wolf spider (Spider:4)
  An ugly thing (Vaults:1)
  A redback (Spider:1)
  A worker ant (Spider:2)
  An orc (D:14)
  2 bushes (D:11)
  14 fungi
  46 plants
  6 tentacles (Shoals:2)
  251 tentacle segments (Shoals:2)
332 creatures vanquished.

Grand Total: 2293 creatures vanquished

Notes
Turn   | Place    | Note
--------------------------------------------------------------
     0 | D:1      | Northaan the Hill Orc Fighter began the quest for the Orb.
     0 | D:1      | Reached XP level 1. HP: 19/19 MP: 1/1
    59 | D:1      | Reached skill level 3 in Axes
    83 | D:1      | Reached XP level 2. HP: 24/27 MP: 2/2
   506 | D:1      | Found a sparkling altar of Nemelex Xobeh.
   591 | D:1      | Reached skill level 4 in Axes
   736 | D:2      | Reached XP level 3. HP: 33/33 MP: 3/3
  1230 | D:2      | Reached XP level 4. HP: 7/40 MP: 4/4
  1371 | D:2      | Reached skill level 5 in Axes
  2018 | D:3      | Found a stormy altar of Qazlal.
  2062 | D:3      | Became a worshipper of Qazlal Stormbringer
  2378 | D:3      | Found a shadowy altar of Dithmenos.
  2389 | D:3      | Found a blossoming altar of Fedhas.
  2443 | D:3      | Noticed an ogre
  2452 | D:3      | Killed an ogre
  2452 | D:3      | Reached skill level 5 in Fighting
  2452 | D:3      | Reached skill level 6 in Axes
  2452 | D:3      | Reached XP level 5. HP: 48/48 MP: 5/5
  2594 | D:4      | Reached XP level 6. HP: 48/56 MP: 6/6
  2655 | D:4      | Noticed an orc warrior
  3158 | D:4      | Reached * piety under Qazlal
  3158 | D:4      | Reached skill level 7 in Axes
  3344 | D:4      | Noticed a phantom
  3368 | D:4      | Found a glowing silver altar of Zin.
  3378 | D:4      | Killed a phantom
  3832 | D:4      | Reached XP level 7. HP: 41/64 MP: 4/7
  3970 | D:4      | Found Sesch's Assorted Antiques.
  3990 | D:4      | Found a bloodstained altar of Trog.
  4339 | D:5      | Entered Level 5 of the Dungeon
  4421 | D:5      | Reached skill level 8 in Axes
  4647 | D:5      | Reached XP level 8. HP: 58/75 MP: 6/8
  5188 | D:5      | Reached skill level 1 in Invocations
  5591 | D:6      | Found an iron altar of Okawaru.
  5657 | D:6      | Reached skill level 9 in Axes
  5657 | D:6      | Reached skill level 1 in Dodging
  5675 | D:6      | Reached ** piety under Qazlal
  5842 | D:6      | Found a staircase to the Ecumenical Temple.
  6263 | D:6      | Noticed Wooh's ghost (novice GrGl)
  6281 | D:6      | Killed Wooh's ghost
  6281 | D:6      | Reached XP level 9. HP: 45/83 MP: 4/11
  6918 | D:7      | Reached skill level 10 in Axes
  7074 | D:7      | Noticed Pikel
  7082 | D:7      | Killed Pikel
  7082 | D:7      | Reached skill level 5 in Shields
  7595 | D:8      | Found an iron altar of Okawaru.
  7604 | D:8      | Reached skill level 5 in Armour
  8121 | D:9      | Reached skill level 11 in Axes
  8121 | D:9      | Reached XP level 10. HP: 80/93 MP: 11/13
  8122 | D:9      | Reached skill level 5 in Invocations
  8149 | D:9      | Found a roughly hewn altar of Beogh.
  8208 | D:8      | Reached skill level 10 in Fighting
  8479 | D:9      | Reached *** piety under Qazlal
  8562 | D:9      | Found a burning altar of Makhleb.
  8582 | D:9      | Found a glowing golden altar of the Shining One.
  8586 | D:9      | Noticed Lovchig's ghost (novice MiFi)
  8605 | D:9      | Killed Lovchig's ghost
  8607 | D:9      | Found a radiant altar of Vehumet.
  8607 | D:9      | Found a shattered altar of Ashenzari.
  8608 | D:9      | Found an iron altar of Okawaru.
  8612 | D:9      | Found an ancient bone altar of Kikubaaqudgha.
  9044 | D:9      | Reached skill level 12 in Axes
  9055 | D:9      | Noticed Psyche
  9078 | D:9      | Killed Psyche
  9451 | D:9      | Noticed a gargoyle
  9479 | D:9      | Killed a gargoyle
  9479 | D:9      | Reached XP level 11. HP: 39/101 MP: 5/15
  9874 | D:9      | Reached **** piety under Qazlal
  9890 | D:9      | Found a basalt altar of Yredelemnul.
  9970 | D:10     | Entered Level 10 of the Dungeon
 10026 | D:10     | Found a sparkling altar of Nemelex Xobeh.
 10251 | D:10     | Noticed a hill giant
 10264 | D:10     | Killed a hill giant
 10442 | D:10     | Noticed an orc knight
 10443 | D:10     | Noticed a fire dragon
 10779 | D:10     | Killed an orc knight
 10811 | D:10     | Reached skill level 1 in Evocations
 10857 | D:10     | Found a radiant altar of Vehumet.
 10857 | D:10     | Found a sacrificial altar of Ru.
 11046 | D:11     | Noticed a hill giant
 11057 | D:10     | Killed a hill giant
 11057 | D:10     | Reached skill level 13 in Axes
 11320 | D:11     | Noticed a hill giant
 11488 | D:10     | Killed a hill giant
 11558 | D:11     | Reached skill level 5 in Dodging
 11843 | D:11     | Noticed ThereIsNoGod's ghost (journeyman MiFi)
 11869 | D:11     | Killed ThereIsNoGod's ghost
 11869 | D:11     | Reached XP level 12. HP: 82/110 MP: 13/17
 11955 | D:11     | Found a blossoming altar of Fedhas.
 12015 | D:11     | Found a staircase to the Lair.
 12170 | D:11     | Reached skill level 14 in Axes
 12215 | D:11     | Reached ***** piety under Qazlal
 12576 | Lair:1   | Entered Level 1 of the Lair of Beasts
 12599 | Lair:1   | Found a radiant altar of Vehumet.
 13423 | Lair:2   | Noticed a seven-headed hydra
 13433 | Lair:2   | Killed a seven-headed hydra
 14244 | Lair:3   | Reached skill level 15 in Axes
 14281 | Lair:3   | Reached XP level 13. HP: 114/118 MP: 19/19
 14342 | Lair:3   | Reached skill level 1 in Throwing
 16846 | Lair:4   | Found a staircase to the Shoals.
 17422 | Lair:5   | Reached skill level 5 in Evocations
 17425 | Lair:5   | Reached skill level 10 in Invocations
 17614 | Lair:5   | Gained mutation: You are robust (+10% HP). [potion of beneficial mutation]
 18223 | Lair:5   | Got a pitted hand axe
 18224 | Lair:5   | Identified the +8 hand axe "Posute" {elec, rF+} (You found it on level 5 of the Lair of Beasts)
 18383 | Lair:6   | Reached ****** piety under Qazlal
 18388 | Lair:6   | Noticed Rupert
 18395 | Lair:6   | Reached skill level 16 in Axes
 18395 | Lair:6   | Reached XP level 14. HP: 125/139 MP: 19/21
 18414 | Lair:6   | Paralysed by Rupert for 2 turns
 18423 | Lair:6   | Paralysed by Rupert for 6 turns
 18432 | Lair:6   | Killed Rupert
 18750 | Lair:6   | Found a hole to the Spider Nest.
 19574 | Lair:7   | Found a staircase to the Slime Pits.
 19574 | Lair:7   | Found a viscous altar of Jiyva.
 19736 | Lair:7   | Noticed execc's ghost (journeyman FoFi)
 19799 | Lair:7   | Killed execc's ghost
 20079 | Lair:8   | Entered Level 8 of the Lair of Beasts
 20263 | Lair:8   | Reached skill level 10 in Shields
 20538 | Lair:8   | Reached skill level 17 in Axes
 20601 | Lair:8   | Reached XP level 15. HP: 121/149 MP: 21/23
 20914 | Lair:8   | Got a warped ring mail
 20925 | Lair:8   | Identified the +5 ring mail "Xesot" {rN+++ MR- Str+6} (You found it on level 8 of the Lair of Beasts)
 21118 | Lair:8   | Reached skill level 10 in Armour
 22344 | Lair:8   | Got a pair of twisted gloves
 22346 | Lair:8   | Identified the -2 pair of gloves of the Scribe {Str+2 Slay+3} (You found it on level 8 of the Lair of Beasts)
 22472 | Lair:8   | Reached skill level 5 in Throwing
 22669 | D:12     | Found Lidappue's Antique Armour Shop.
 22677 | D:12     | Noticed Sonja
 22849 | D:12     | Found a staircase to the Orcish Mines.
 23184 | D:12     | Killed Sonja
 23476 | D:12     | Found Duhes's Assorted Antiques.
 23555 | D:12     | Found Xenibru's Jewellery Boutique.
 23619 | D:12     | Bought a brightly glowing helmet for 342 gold pieces
 23619 | D:12     | Bought a distressingly furry chain mail for 342 gold pieces
 23631 | D:12     | Identified the +0 helmet of Rationality {rC++ Dex+2} (You bought it in a shop on level 12 of the Dungeon)
 23641 | D:12     | Identified the +6 chain mail of Good Intentions {+Inv rC+ rN+ Dex-2} (You bought it in a shop on level 12 of the Dungeon)
 23646 | D:12     | Bought an uncursed ring of protection from magic for 325 gold pieces
 23646 | D:12     | Bought an uncursed ring of resist corrosion for 260 gold pieces
 23950 | Orc:1    | Entered Level 1 of the Orcish Mines
 24095 | Orc:1    | Noticed Urug
 24111 | Orc:1    | Killed Urug
 24294 | Orc:1    | Noticed an orc warlord
 24307 | Orc:1    | Killed an orc warlord
 24307 | Orc:1    | Reached skill level 18 in Axes
 24842 | Orc:2    | Entered Level 2 of the Orcish Mines
 25410 | Orc:2    | Noticed an orc warlord
 25436 | Orc:1    | Killed an orc warlord
 25751 | Orc:2    | Reached XP level 16. HP: 131/159 MP: 20/25
 26012 | Orc:2    | Found Xofal's Weapon Boutique.
 26050 | Orc:2    | Found a staircase to the Elven Halls.
 26236 | Orc:2    | Found Defiuluo's Book Emporium.
 26236 | Orc:2    | Found Olef's Weapon Boutique.
 26284 | Orc:2    | Found Juahu's Jewellery Boutique.
 26284 | Orc:2    | Found Reamp's Armour Emporium.
 26319 | Orc:2    | Found a roughly hewn altar of Beogh.
 26798 | Elf:1    | Entered Level 1 of the Elven Halls
 27912 | Elf:1    | Identified Fiedos's Papyrus of Attacks
 28544 | Elf:1    | Found Virghasay's Assorted Antiques.
 28552 | Elf:1    | Bought a scroll of enchant weapon for 180 gold pieces
 28552 | Elf:1    | Bought a scroll of fear for 84 gold pieces
 29268 | Elf:2    | Found a huge runed gate.
 29269 | Elf:2    | Found a huge runed gate.
 29269 | Elf:2    | Found a huge runed gate.
 29276 | Elf:2    | Found a huge runed gate.
 29276 | Elf:2    | Found a huge runed gate.
 30228 | Elf:2    | Reached skill level 19 in Axes
 30443 | Elf:2    | Reached XP level 17. HP: 93/169 MP: 18/26
 30528 | Elf:2    | HP: 8/169 [poisoned by a bardiche of venom]
 30534 | Elf:2    | HP: 6/169 [poisoned by a bardiche of venom]
 30540 | Elf:2    | HP: 5/169 [poisoned by a bardiche of venom]
 30545 | Elf:2    | HP: 5/169 [poisoned by a bardiche of venom]
 32116 | Shoals:1 | Entered Level 1 of the Shoals
 32189 | Shoals:1 | Found Qirereel's Armour Boutique.
 32232 | Shoals:1 | Found Imuym's Antique Armour Shop.
 32697 | Shoals:1 | Found Jenont's Book Shoppe.
 32776 | Shoals:1 | Found Atiakk's Antique Armour Shoppe.
 32843 | Shoals:2 | Noticed a kraken
 32863 | Shoals:2 | Killed a kraken
 33124 | Shoals:2 | Noticed Polyphemus
 33143 | Shoals:2 | Killed Polyphemus
 33592 | Shoals:3 | Reached skill level 15 in Fighting
 34734 | Shoals:3 | Reached skill level 20 in Axes
 34838 | Shoals:4 | Entered Level 4 of the Shoals
 35001 | Shoals:4 | Reached XP level 18. HP: 179/179 MP: 28/28
 35551 | Shoals:4 | Got a barnacled rune of Zot
 35620 | Shoals:4 | Got a smelly chain mail
 35631 | Shoals:4 | Identified the cursed +1 chain mail "Vapiuk" {rElec Str+9 Dex-5} (You found it on level 4 of the Shoals)
 35746 | Shoals:4 | Noticed Ilsuiw
 35754 | Shoals:4 | Killed Ilsuiw
 35919 | Shoals:4 | Reached skill level 10 in Dodging
 36571 | Shoals:4 | Got a pair of jewelled gloves
 36622 | Shoals:4 | Identified the +0 pair of gloves of Gionaecois {rCorr Int+3} (You found it on level 4 of the Shoals)
 37374 | D:13     | Found a frozen archway.
 37383 | IceCv    | Entered an ice cave
 37470 | IceCv    | Got a twitching brass amulet
 37485 | IceCv    | Identified the amulet of Surprise {Spirit +Fly Dex+8 Slay-5} (You found it in an ice cave)
 37941 | D:14     | Found Peylem's General Store.
 38323 | D:14     | Noticed Josephine
 38340 | D:14     | Killed Josephine
 38391 | D:14     | Reached XP level 19. HP: 181/190 MP: 29/29
 38407 | D:14     | Found a gate to the Vaults.
 38622 | D:14     | Found Qourph's Distillery.
 38790 | D:14     | Found a roughly hewn altar of Beogh.
 38969 | D:15     | Entered Level 15 of the Dungeon
 38997 | D:15     | Noticed Nessos
 39309 | D:15     | Killed Nessos
 39331 | D:15     | Identified a scroll of acquirement
 39455 | D:15     | Found a shimmering altar of Xom.
 39858 | D:15     | Found a staircase to the Depths.
 39970 | D:15     | Noticed Louise
 39984 | D:15     | Killed Louise
 39984 | D:15     | Reached skill level 15 in Invocations
 40083 | Vaults:1 | Entered Level 1 of the Vaults
 40158 | Vaults:1 | Found Wait Nybb's General Store.
 40320 | Vaults:1 | Identified the Collected Works on the Glacier and Arcane Weapons
 40757 | Vaults:1 | Found Varph's Gadget Shop.
 40785 | Vaults:1 | Found Faejisis's Gadget Shop.
 41467 | Shoals:1 | Bought the +4 chain mail of the Apprentice {rPois rC+ Dex+2} for 797 gold pieces
 41535 | Spider:1 | Entered Level 1 of the Spider Nest
 41680 | Spider:1 | Reached skill level 10 in Evocations
 41851 | Spider:1 | Reached XP level 20. HP: 202/202 MP: 31/31
 42171 | Spider:1 | Noticed Aizul
 42238 | Spider:1 | Killed Aizul
 42860 | Spider:2 | Reached skill level 21 in Axes
 43285 | Spider:2 | Noticed Arachne
 43322 | Spider:2 | Killed Arachne
 44337 | Spider:4 | Entered Level 4 of the Spider Nest
 45415 | Spider:4 | Got a gossamer rune of Zot
 45614 | Spider:1 | Reached XP level 21. HP: 208/214 MP: 33/33
 46672 | Vaults:2 | Noticed Mennas
 47332 | Vaults:1 | Killed Mennas
 48820 | Vaults:3 | Reached skill level 10 in Throwing
 49494 | Vaults:3 | Found a staircase to the Crypt.
 49562 | Vaults:3 | Reached XP level 22. HP: 205/226 MP: 34/34
 49799 | Vaults:3 | Slain by a vault warden

Skill      XL: |  1  2  3  4  5  6  7  8  9 10 11 12 13 14 15 16 17 18 19 20 21 22 |
---------------+-------------------------------------------------------------------+-----
Axes           | 3 4 6 7 8 9 11 12 13 15 16 17 18 19 20 21 | 21.8
Fighting       | 4 5 6 8 9 10 11 12 13 14 15 16 17 18 19 | 19.2
Invocations    | 3 4 6 7 9 10 11 12 13 14 15 16 17 | 17.0
Dodging        | 2 3 4 5 6 7 8 9 10 11 | 11.5
Shields        | 4 5 6 7 8 9 10 11 12 13 14 | 14.9
Armour         | 4 5 6 7 8 9 10 11 12 13 14 | 14.2
Evocations     | 2 4 5 6 7 8 9 10 11 | 11.5
Throwing       | 3 4 5 6 7 8 9 10 | 10.1

Action                   |  1- 3 |  4- 6 |  7- 9 | 10-12 | 13-15 | 16-18 | 19-21 | 22-24 || total
-------------------------+-------+-------+-------+-------+-------+-------+-------+-------++-------
Melee: War axe           |   100 |   154 |   300 |   761 |   249 |       |       |       ||  1564
       Hand axe          |       |       |       |       |   922 |  1754 |  2033 |    42 ||  4751
Throw: Javelin           |       |       |       |     7 |    13 |     5 |       |       ||    25
Invok: Upheaval          |       |       |       |     2 |    12 |     8 |     6 |       ||    28
  Use: Potion            |     2 |     2 |     2 |       |     5 |     5 |     6 |       ||    22
       Scroll            |       |     1 |     1 |     9 |    17 |    11 |    11 |       ||    50
 Stab: Invisible         |       |       |       |     2 |       |       |       |       ||     2
       Petrified         |       |       |       |       |     2 |       |       |       ||     2
       Petrifying        |       |       |       |       |     1 |       |       |       ||     1
       Distracted        |       |       |       |       |       |       |     1 |       ||     1
  Eat: Chunk             |     1 |     4 |    11 |    25 |    20 |     7 |    11 |     1 ||    80
       Meat ration       |       |     1 |       |     1 |       |     2 |       |       ||     4
       Fruit             |       |       |     1 |     1 |    15 |     6 |     8 |       ||    31
       Royal jelly       |       |       |     1 |       |     1 |       |     4 |       ||     6
       Pizza             |       |       |       |       |     2 |       |     2 |       ||     4
       Bread ration      |       |       |       |       |       |     4 |     2 |       ||     6
       Beef jerky        |       |       |       |       |       |       |     1 |       ||     1
Armor: Scale mail        |    45 |    53 |    87 |       |       |       |       |       ||   185
       Chain mail        |       |       |    22 |    48 |    38 |   363 |   530 |     2 ||  1003
       Plate armour      |       |       |       |   153 |   384 |       |       |       ||   537
Dodge: Dodged            |    35 |    32 |    49 |   114 |   232 |   335 |   547 |    13 ||  1357
       Deflected         |       |       |       |       |     8 |    45 |    26 |       ||    79
Block: Shield            |    68 |    79 |   134 |   525 |   963 |  1233 |  1673 |    29 ||  4704
